[ PARTIDA AOE2 · #484883802 ]
UnrankedBritanos vs Burmese
Equipo del jugador · VICT
[ ANÁLISIS DE REPETICIÓN · EXTRAÍDO DE LA PARTIDA GRABADA ]
Feudal
—
Castillos
—
Imperial
—
| APM promedio | 64.0 |
| APM pico | 95 |
| eAPM promedio | 37.6 |
| Aldeanos / militares | 0 / 0 |
Foco
⚔️ 100.0% · 🌾 0.0%
Feudal
—
Castillos
—
Imperial
—
| APM promedio | 70.4 |
| APM pico | 90 |
| eAPM promedio | 10.5 |
| Aldeanos / militares | 0 / 0 |
Foco
⚔️ 100.0% · 🌾 0.0%
Feudal
—
Castillos
—
Imperial
—
| APM promedio | 0.9 |
| APM pico | 9 |
| eAPM promedio | 0.9 |
| Aldeanos / militares | 0 / 0 |
Feudal
—
Castillos
—
Imperial
—
| APM promedio | 11.4 |
| APM pico | 32 |
| eAPM promedio | 3.4 |
| Aldeanos / militares | 0 / 0 |
Foco
⚔️ 88.5% · 🌾 11.5%
Feudal
—
Castillos
—
Imperial
—
| APM promedio | 46.7 |
| APM pico | 83 |
| eAPM promedio | 28.6 |
| Aldeanos / militares | 0 / 0 |
Foco
⚔️ 99.0% · 🌾 1.0%
Feudal
—
Castillos
—
Imperial
—
| APM promedio | 25.4 |
| APM pico | 40 |
| eAPM promedio | 10.7 |
| Aldeanos / militares | 0 / 0 |
Foco
⚔️ 100.0% · 🌾 0.0%
Feudal
—
Castillos
—
Imperial
—
| APM promedio | 38.8 |
| APM pico | 79 |
| eAPM promedio | 7.0 |
| Aldeanos / militares | 0 / 0 |
Foco
⚔️ 100.0% · 🌾 0.0%
Feudal
—
Castillos
—
Imperial
—
| APM promedio | 18.4 |
| APM pico | 47 |
| eAPM promedio | 8.1 |
| Aldeanos / militares | 0 / 0 |
Foco
⚔️ 100.0% · 🌾 0.0%
Mapa de la partida
Recursos iniciales + cada clic de construcción. Líneas = muros · curvas = relieve. ◆ oro · ⬟ piedra · ● bayas · ✦ reliquia · ◌ hueco del cierre
Tu base· Abierta
Base de Malsvyr· Abierta
Base de DRAX· Abierta
Base de Pro_Classic· ✓ Separados por el mapa
Base de [SWRD] Zanchy__· Abierta
Base de AAJ· ✓ Separados por el mapa
Base de Awawa23· Abierta
Base de witcherkiller· Abierta
Terreno inicial suavizado · ◌ = hueco del cierre detectado · pasá el cursor para detalles
Inputs por minuto
— [SWRD] Infected_Nation - - Malsvyr
Build order — [SWRD] Infected_Nation
11 acciones detectadas en el replay
| 8:10 | Construir | Archery Range |
| 8:11 | Construir | Archery Range |
| 8:12 | Construir | Archery Range |
| 8:13 | Construir | Archery Range |
| 8:57 | Construir | Archery Range |
| 8:59 | Construir | Archery Range |
| 9:00 | Construir | Archery Range |
| 9:40 | Construir | Archery Range |
| 9:41 | Construir | Archery Range |
| 9:42 | Construir | Archery Range |
| 9:43 | Construir | Archery Range |
Build order — Malsvyr
0 acciones detectadas en el replay
Build order — DRAX
0 acciones detectadas en el replay
Build order — Pro_Classic
0 acciones detectadas en el replay
Build order — [SWRD] Zanchy__
35 acciones detectadas en el replay
| 5:30 | Construir | Stable |
| 5:30 | Construir | Stable |
| 5:32 | Construir | Stable |
| 5:35 | Construir | Stable |
| 5:36 | Construir | Stable |
| 5:37 | Construir | Stable |
| 5:38 | Construir | Stable |
| 5:39 | Construir | Stable |
| 5:49 | Construir | Stable |
| 7:09 | Construir | Stable |
| 7:10 | Construir | Stable |
| 7:11 | Construir | Stable |
| 7:12 | Construir | Stable |
| 7:13 | Construir | Stable |
| 7:51 | Construir | Stable |
| 7:52 | Construir | Stable |
| 7:53 | Construir | Stable |
| 7:57 | Construir | Stable |
| 11:33 | Construir | Stable |
| 11:35 | Construir | Stable |
| 11:36 | Construir | Stable |
| 11:40 | Construir | Stable |
| 11:44 | Construir | Stable |
| 11:45 | Construir | Stable |
| 11:46 | Construir | Stable |
| 11:47 | Construir | Stable |
| 11:48 | Construir | Stable |
| 11:53 | Construir | Stable |
| 11:54 | Construir | Stable |
| 11:55 | Construir | Stable |
| 11:56 | Construir | Stable |
| 12:06 | Construir | Stable |
| 12:07 | Construir | Stable |
| 12:08 | Construir | Stable |
| 12:10 | Construir | Stable |
Build order — AAJ
0 acciones detectadas en el replay
Build order — Awawa23
0 acciones detectadas en el replay
Build order — witcherkiller
0 acciones detectadas en el replay
Cronología de la partida
| 5:30 | [SWRD] Zanchy__ · first_building Stable |
| 8:10 | [SWRD] Infected_Nation · first_building Archery Range |
| 10:40 | DRAX · resign |
[ ANÁLISIS IA · 1 CRÉDITO ]
¿Qué pasó realmente en esta partida?
Wolo.gg analiza cada decisión: build order, eco, micro, errores típicos por bracket. Análisis personalizado por WhatsApp o Discord en 30 segundos.
Guía civ
Britanos
Guía mapa
CBA_=REQUIEM=_V292 (Scenario)
Perfil
Jugador #217482